AoeStats
← Pab Mienko

Four Lakes

509204734Analyzed
1v1 RM · 7d ago on Sep 25, 2026· 39m 21s· 2 players
Game mode
Random Map
Map size
Tiny (2 player)
Population
200
Speed
Normal
Resources
Standard
Victory
Conquest
Starting age
Dark Age
Ending age
Imperial Age
RankedLock teamsTeams togetherTeam positionsShared explorationLock speedFull tech treeHidden civsTurbo modeCheats
Victory
Defeat
🇵🇱 Britons · Poland
972
+15
🇹🇷 Varangians · Türkiye
942
-15
Pab Mienko
7:21 Loom
9:54 Feudal Age
10:55 Double-Bit Axe
15:53 Castle Age
17:48 Bow Saw
19:22 Wheelbarrow
18:33 Town Watch
27:39 Fletching
27:48 Murder Holes
28:14 Ballistics
39:46 Imperial Age
39:48 Hand Cart
39:34 Town Patrol
MichailTheGreat
8:25 Loom
11:32 Feudal Age
16:56 Castle Age
15:52 Double-Bit Axe
17:01 Crossbowman
22:39 Fletching
23:06 Bow Saw
27:38 Bodkin Arrow
31:38 Wheelbarrow
33:06 Ballistics
36:04 Imperial Age
35:36 Light Cavalry
37:55 Arbalester
39:36 Bracer
40:58 Chemistry
Connection lost

Rejoining the realm…

Still unreachable

The connection could not be restored.

Session expired

The server has moved on; the page needs a fresh start.